 Dungeon Crawl Stone Soup version 0.27.1 (webtiles) character file.

Game seed: 2306098726283427437

6 Descartes the Sneak (level 1, 0/10 HPs)
             Began as a Felid Delver on Aug 25, 2021.
             Succumbed to an adder's poison
             ... on level 3 of the Dungeon.
             The game lasted 00:00:59 (256 turns).

Descartes the Sneak (Felid Delver)                   Turns: 256, Time: 00:01:00

Health: 0/10       AC:  1    Str:  8    XL:     1   Next: 75%
Magic:  2/2        EV: 17    Int: 11    God:
Gold:   52         SH:  0    Dex: 17    Spells: 0/0 levels left
                                        Lives:  0   Deaths: 0

rFire    . . .     SeeInvis +     - Unarmed
rCold    . . .     Faith    .   (shield unavailable)
rNeg     . . .     Spirit   .   (armour unavailable)
rPois    .         Reflect  .   (helmet unavailable)
rElec    .         Harm     .   (cloak unavailable)
rCorr    .         Rampage  .   (gloves unavailable)
Will     .....                  (boots unavailable)
Stlth    ++++......             (no amulet)
HPRegen  0.03/turn              (no ring)
MPRegen  0.08/turn              (no ring)

@: lethally poisoned (0 -> -7), quick
A: very small, claws 1, fangs 3, see invisible, speed 1, shaggy fur 1, stealthy
paws, no weapons or thrown items, no armour, multi-lived
a: no special abilities


You were on level 3 of the Dungeon.
You visited 1 branch of the dungeon, and saw 3 of its levels.

You collected 52 gold pieces.

Inventory:

Wands
 e - a wand of digging (3)
Scrolls
 a - a scroll of fog
 b - a scroll of magic mapping
 c - a scroll of fear
 g - a scroll of teleportation {unknown}
 h - a scroll of identify {unknown}
Potions
 d - a potion of haste
 f - 2 potions of ambrosia {unknown}


   Skills:
 - Level 3.0 Fighting
 - Level 2.6 Dodging
 + Level 7.1 Stealth
 - Level 2.0 Unarmed Combat


You couldn't memorise any spells.
You didn't know any spells.
Your spell library was empty.

Dungeon Overview and Level Annotations

Branches:
Dungeon (5/15)
 Temple: D:4-7

Altars:

Shops:
D:5 (


Innate Abilities, Weirdness & Mutations

You have sharp claws.
You have razor-sharp teeth.
You have supernaturally acute eyesight. (SInv)
You cover ground quickly. (Speed+)
You are covered in fur. (AC +1)
Your paws help you pounce on unaware monsters.
You are incapable of wielding weapons or throwing items.
You cannot wear armour.
You gain extra lives every three experience levels.


Message History

You mangle the goblin!!
You kill the goblin!
Your Stealth skill increases to level 7!
You see here a +0 dagger.
The hobgoblin shouts!
You scratch the hobgoblin.
The hobgoblin is severely wounded.
The hobgoblin closely misses you.
You scratch the hobgoblin but do no damage.
The hobgoblin is severely wounded.
The hobgoblin closely misses you.
You scratch the hobgoblin.
You kill the hobgoblin!
You see here a hobgoblin corpse.
An adder comes into view.
You see here a +0 dagger.
You see here 16 stones.
You see here 8 gold pieces.
You now have 52 gold pieces (gained 8).
h - a scroll labelled FOEZXO MOTIRO
There are no items here.
You start resting.
An adder is nearby!
You closely miss the adder. The adder barely misses you.
You miss the adder. The adder misses you.
You scratch the adder.
The adder is moderately wounded.
The adder misses you. The adder barely misses you.
You scratch the adder but do no damage. Your bite misses the adder.
The adder is moderately wounded.
The adder bites you.
You closely miss the adder.
The adder is moderately wounded.
The adder bites you.
* * * LOW HITPOINT WARNING * * *
You are lethally poisoned!
The adder poisons you!
You barely miss the adder.
The adder is moderately wounded.
You die...

#############
##.....#.....#####
##................##
#.....(............##
#...................#
#...................#
#............().†...#
#.....S@............#
##.....>............#
##......>.8..8....≈≈≈≈
###.##.##8..8.≈≈≈≈≈≈≈≈
#. #.##≈..≈≈≈≈≈≈≈≈≈≈
#. #.≈≈≈..≈≈≈≈≈≈≈≈≈≈ #
≈≈≈≈≈..≈≈≈≈≈≈≈###
≈≈≈≈≈..≈≈≈≈ ≈≈≈ .≈..


You could see an adder.

Vanquished Creatures
  2 goblins
  A hobgoblin (D:3)
  A quokka (D:3)
  A kobold (D:4)
5 creatures vanquished.

Notes
Turn   | Place    | Note
-------+----------+-------------------------------------------
     0 | D:5      | Descartes the Felid Delver began the quest for the Orb.
     0 | D:5      | Reached XP level 1. HP: 10/10 MP: 2/2
     6 | D:5      | Found Ugguur's Antique Weapon Shop.
   182 | D:3      | Reached skill level 7 in Stealth
   256 | D:3      | Succumbed to an adder's poison

Illustrated notes

Levels and vault maps discovered:
D:3:      wander_river, layout_rooms
D:4:      minmay_opposing_rooms, layout_loops_corners
D:5:      layout_cave_pools, minmay_temple_entry_water_ring,
          serial_column_ruins, column_ruins_hut, column_ruins_open_tiny,
          column_ruins_open_tiny, column_ruins_columns_straight,
          column_ruins_open_tiny_water, serial_shops,
          nicolae_shop_window_shopping

Skill      XL: |  1 |
---------------+----+-----
Stealth        | 7 |  7.1
Fighting       | |  3.0
Dodging        | |  2.6
Unarmed Combat | |  2.0

Action                   || total
-------------------------++-------
Melee: Unarmed           ||    21
 Stab: Sleeping          ||     2
Dodge: Dodged            ||    13
